 Dungeon Crawl Stone Soup version 0.14.0-2-gd2dacb9 (webtiles) character file.

1771 HenryFlower the Slasher (level 8, -4/50 HPs)
             Began as an Octopode Gladiator on Apr 11, 2014.
             Was a Follower of Kikubaaqudgha.
             Killed from afar by an electric eel (18 damage)
             ... with a bolt of electricity
             ... on Level 6 of the Dungeon.
             The game lasted 00:16:34 (10008 turns).

HenryFlower the Slasher (Octopode Gladiator)       Turns: 10008, Time: 00:16:35

HP  -4/50        AC  1     Str 15      XL: 8   Next: 80%
MP   8/8         EV 15     Int 11      God: Kikubaaqudgha [*.....]
Gold 280         SH  0     Dex 13      Spells:  1 memorised,  4 levels left

rFire  . . .     SeeInvis .     a - +2 whip (pain)
rCold  . . .     Clarity  .     (no shield)
rNeg   . . .     Conserve .     c - +0 hat
rPois  +         rCorr    .     (no amulet)
rElec  .         rRot     .     u - ring of poison resistance
SustAb . .       Spirit   .     t - ring of invisibility
rMut   .         Warding  .     (no ring)
Saprov . . .     Stasis   .     (no ring)
MR     .....                    (no ring)
                                (no ring)
                                (no ring)
                                (no ring)

@: not resistant to hostile enchantments, fairly stealthy
A: almost no armour, amphibious, 8 rings, constrict 8, camouflage 1, gelatinous
body 1
a: Receive Corpses, Renounce Religion, Evoke Invisibility


You were on level 6 of the Dungeon.
You worshipped Kikubaaqudgha.
Kikubaaqudgha was aware of your devotion.
You were not hungry.

You visited 1 branch of the dungeon, and saw 6 of its levels.

You collected 280 gold pieces.

Inventory:

Hand weapons
 a - a +2,+2 whip of pain (weapon)
 n - a +0,+0 long sword
 w - a +0,+0 long sword
 y - a +0 blowgun
Missiles
 d - 2 throwing nets
 g - 16 tomahawks (quivered)
 k - 4 darts
 x - 11 poisoned needles
Armour
 c - a +0 hat (worn)
Magical devices
 C - a wand of confusion (1)
Comestibles
 b - 2 meat rations
 f - 6 bread rations
 m - a sausage
 q - a choko
 s - 8 grapes
 v - 2 pears
 D - an apple
Scrolls
 e - 2 scrolls of remove curse
 h - 2 scrolls of magic mapping
 i - 4 scrolls of identify
 A - a scroll of amnesia
Jewellery
 l - an uncursed ring of teleportation
 t - a ring of invisibility (right tentacle)
 u - a ring of poison resistance (left tentacle)
Potions
 j - a potion of brilliance
 o - a potion of agility
 p - 2 potions of curing
 z - a potion of restore abilities
Books
 r - Kikubaaqudgha's Papyrus of Necromancy
   (Kikubaaqudgha gifted it to you on level 5 of the Dungeon)

   Spells                             Type                      Level
   Pain                               Necromancy                   1
   Corpse Rot                         Necromancy                   2
   Sublimation of Blood               Necromancy                   2
   *Regeneration                      Charms/Necromancy            3
   Control Undead                     Necromancy                   4


   Skills:
 - Level 2.0 Fighting
 - Level 7.8 Long Blades
 + Level 3.3 Maces & Flails
 - Level 3.2 Throwing
 + Level 5.9 Dodging
 + Level 3.5 Necromancy


You had 4 spell levels left.
You knew the following spells:

 Your Spells              Type           Power        Failure   Level  Hunger
a - Regeneration          Chrm/Necr      #.........   61%         3    ####...


Dungeon Overview and Level Annotations

Branches:
Dungeon (6/15)             Temple (0/1) D:5

Altars:
Elyvilon
Fedhas
Kikubaaqudgha
Yredelemnul

Annotations:
D:2 exclusion: oklob plant


Innate Abilities, Weirdness & Mutations

You cannot wear most types of armour.
You are amphibious.
You can wear up to eight rings at the same time.
You can use your tentacles to constrict many enemies at once.
Your skin changes colour to match your surroundings (Stlth).
Your rubbery body absorbs attacks (AC +1).


Message History

An electric eel comes into view.
The electric eel shoots out a bolt of electricity!
The bolt of electricity hits you!
The electric eel shoots out a bolt of electricity!
The bolt of electricity hits you!
* * * LOW HITPOINT WARNING * * *
You hit the electric eel.
The electric eel writhes in agony.
Your grab misses the electric eel.
The electric eel is moderately wounded.
The electric eel shoots out a bolt of electricity!
The bolt of electricity hits you!
* * * LOW HITPOINT WARNING * * *
You hit the electric eel.
The electric eel writhes in agony.
You grab the electric eel.
The electric eel is severely wounded.
You constrict the electric eel.
The electric eel shoots out a bolt of electricity!
The bolt of electricity hits you!
You die...
Kikubaaqudgha rasps: "You have failed me!
Welcome... death!"

#....# ####.# ..##.#
#....#### # ##.#%#..# ≈#
#....#.># ###≈≈##
####.#..# ≈≈≈≈≈≈≈
........#########;≈≈≈≈≈≈≈
........'.......@........
........################.
#########


You could see an electric eel.

Vanquished Creatures
  A human (D:5)
  4 ogres
  A centaur (D:5)
  A crimson imp (D:5)
  2 big fish (D:2)
  2 orc priests
  5 hounds
  6 orc wizards
  2 iguanas (D:5)
  4 worker ants
  8 adders
  A gnoll (D:1)
  A shadow imp (D:5)
  A giant mite (D:3)
  8 worms
  A giant eyeball (D:6)
  An iguana skeleton (D:5)
  2 giant geckos
  33 orcs
  3 ball pythons
  7 giant cockroaches
  18 goblins
  9 hobgoblins
  16 jackals
  15 kobolds
  3 quokkas
  15 bats
  6 giant newts
  A gnoll skeleton (D:4)
  A kobold zombie (D:5)
  A quokka skeleton (D:6)
  7 rats
  A butterfly (D:5)
  A fungus (D:2)
  2 plants
190 creatures vanquished.

Notes
Turn   | Place    | Note
--------------------------------------------------------------
     0 | D:1      | HenryFlower, the Octopode Gladiator, began the quest for the Orb.
     0 | D:1      | Reached XP level 1. HP: 14/14 MP: 1/1
    94 | D:1      | Reached XP level 2. HP: 14/19 MP: 2/2
   626 | D:1      | Reached skill level 4 in Long Blades
   898 | D:1      | Reached XP level 3. HP: 20/24 MP: 3/3
  2607 | D:2      | Found a blossoming altar of Fedhas.
  2622 | D:2      | Reached skill level 5 in Long Blades
  2622 | D:2      | Reached XP level 4. HP: 14/29 MP: 4/4
  2819 | D:2      | Reached XP level 5. HP: 28/34 MP: 5/5
  2978 | D:2      | Noticed an oklob plant
  3742 | D:3      | Reached skill level 6 in Long Blades
  4780 | D:3      | Reached XP level 6. HP: 28/39 MP: 6/6
  5553 | D:4      | Noticed an ogre
  5558 | D:4      | Killed an ogre
  5558 | D:4      | Reached skill level 7 in Long Blades
  5682 | D:4      | Noticed an ogre
  5878 | D:4      | Reached XP level 7. HP: 35/45 MP: 7/7
  6641 | D:4      | Killed an ogre
  6802 | D:4      | Found an ancient bone altar of Kikubaaqudgha.
  6806 | D:4      | Became a worshipper of Kikubaaqudgha
  6815 | D:4      | Found a white marble altar of Elyvilon.
  6846 | D:4      | Noticed an ogre
  6855 | D:4      | Killed an ogre
  7079 | D:5      | Entered Level 5 of the Dungeon
  7085 | D:5      | Noticed a human
  7141 | D:5      | Found a staircase to the Ecumenical Temple.
  7243 | D:5      | Reached skill level 1 in Necromancy
  7243 | D:5      | Reached XP level 8. HP: 14/50 MP: 8/8
  7677 | D:5      | Reached skill level 1 in Maces & Flails
  8153 | D:5      | Reached skill level 5 in Dodging
  8353 | D:5      | Acquired Kikubaaqudgha's first power
  8353 | D:5      | Received a gift from Kikubaaqudgha
  8357 | D:5      | Identified Kikubaaqudgha's Papyrus of Necromancy (Kikubaaqudgha gifted it to you on level 5 of the Dungeon)
  8369 | D:5      | Learned a level 3 spell: Regeneration
  9052 | D:5      | Found a basalt altar of Yredelemnul.
  9097 | D:5      | Killed a human
 10008 | D:6      | Killed from afar by an electric eel

Action                   |  1- 3 |  4- 6 |  7- 9 || total
-------------------------+-------+-------+-------++-------
Melee: Long sword        |    75 |   159 |    75 ||   309
       Whip              |       |       |   165 ||   165
Throw: Throwing net      |     1 |       |       ||     1
       Tomahawk          |       |     6 |    15 ||    21
Evoke: Wand              |       |       |     4 ||     4
  Use: Scroll            |     6 |     4 |     3 ||    13
       Potion            |       |       |     5 ||     5
 Stab: Sleeping          |     1 |     2 |     3 ||     6
